| TOP OF THE 1ST |
|
Helena Brewers batting - Pitching for Chicago (APP) Cubs : RHP Luis Solis
|
|
Pitching: RHP Luis Solis
|
|
|
Batting: LHB Andy Buschlen
|
0-0: Ball 1-0: Ball 2-0: Ball 3-0: Called Strike 3-1: Base on Balls
|
|
Batting: RHB Manny Olave
|
0-0: Ball 1-0: Ball Passed Ball! Andy Buschlen to second 2-0: Called Strike 2-1: Fly out, F6 (Popup, 6MS, EV 61.2 MPH)
|
|
Batting: RHB Curtis Montgomery
|
0-0: Ball 1-0: Called Strike Andy Buschlen steals 3rd base 1-1: Foul Ball, location: 2F 1-2: Ball Passed Ball! Andy Buschlen scores 2-2: Ball 3-2: SINGLE (Groundball, 6M, EV 108.8 MPH) (infield hit)
|
|
Batting: RHB Austin Doig
|
0-0: Fly out, F8 (Flyball, 78XD, EV 102.5 MPH)
|
|
Batting: RHB Frank Pena
|
0-0: Ball Passed Ball! Curtis Montgomery to second 1-0: Ball 2-0: Called Strike 2-1: Ball 3-1: Foul Ball, location: 2F 3-2: Base on Balls
|
|
Batting: LHB Jose Simental
|
0-0: Foul Ball, location: 2F 0-1: Swinging Strike Passed Ball! Curtis Montgomery to third Frank Pena to second 0-2: SINGLE (Groundball, P, EV 87.5 MPH) (infield hit) Curtis Montgomery scores Frank Pena to third
|
|
Batting: LHB Alex Chairez
|
0-0: Ground out U3 (Groundball, 3, EV 102.5 MPH)
|
| Top of the 1st over - 2 runs, 2 hits, 0 errors, 2 left on base; Helena 2 - Chicago (APP) 0 |
| BOTTOM OF THE 1ST |
|
Chicago (APP) Cubs batting - Pitching for Helena Brewers : RHP Jayden Whittick
|
|
Pitching: RHP Jayden Whittick
|
|
|
Batting: SHB Jim Lloyd
|
0-0: Ball 1-0: Fly out, F8 (Flyball, 8LM, EV 90.0 MPH)
|
|
Batting: RHB Lencho Otieno
|
0-0: Swinging Strike 0-1: Foul Ball, location: 2F 0-2: Ground out 6-3 (Groundball, 4MS, EV 85.6 MPH)
|
|
Batting: RHB Andy Baumhardt
|
0-0: Ball 1-0: Fly out, F9 (Flyball, 89D, EV 81.2 MPH)
|
| Bottom of the 1st over - 0 runs, 0 hits, 0 errors, 0 left on base; Helena 2 - Chicago (APP) 0 |
| TOP OF THE 2ND |
|
Helena Brewers batting - Pitching for Chicago (APP) Cubs : RHP Luis Solis
|
|
Batting: RHB Fernando Mejia
|
0-0: Called Strike 0-1: Ground out U3 (Groundball, 34, EV 82.5 MPH)
|
|
Batting: RHB Mohammed bin Ubaida
|
0-0: Ball 1-0: SOLO HOME RUN (Flyball, 7LD, EV 94.4 MPH), Distance : 363 ft
|
|
Batting: LHB Andy Buschlen
|
0-0: Foul Ball, location: 2F 0-1: Swinging Strike 0-2: Ball 1-2: Foul Ball, location: 2F 1-2: Ball 2-2: Strikes out looking
|
|
Batting: RHB Manny Olave
|
0-0: Ball 1-0: Foul Ball, location: 2F 1-1: Foul Ball, location: 2F 1-2: Foul Ball, location: 2F 1-2: Ball 2-2: Strikes out swinging
|
| Top of the 2nd over - 1 run, 1 hit, 0 errors, 0 left on base; Helena 3 - Chicago (APP) 0 |
| BOTTOM OF THE 2ND |
|
Chicago (APP) Cubs batting - Pitching for Helena Brewers : RHP Jayden Whittick
|
|
Batting: LHB Jose Mafano
|
0-0: Called Strike 0-1: Ball 1-1: Called Strike 1-2: Ball 2-2: Foul Ball, location: 2F 2-2: Ball 3-2: Base on Balls
|
|
Batting: RHB Andy Villarreal
|
0-0: Swinging Strike 0-1: SINGLE (Groundball, 6MD, EV 101.9 MPH) Jose Mafano to second
|
|
Batting: RHB Jorge Gonzalez
|
0-0: Foul Ball, location: 2F 0-1: Fielders Choice at 2nd, 5-4 (Groundball, 56, EV 86.2 MPH) Jose Mafano to third
|
|
Batting: SHB Rob Craft
|
0-0: Called Strike 0-1: Grounds into double play, 4-6-3 (Groundball, 4, EV 86.9 MPH)
|
| Bottom of the 2nd over - 0 runs, 1 hit, 0 errors, 1 left on base; Helena 3 - Chicago (APP) 0 |
| TOP OF THE 3RD |
|
Helena Brewers batting - Pitching for Chicago (APP) Cubs : RHP Luis Solis
|
|
Batting: RHB Curtis Montgomery
|
0-0: Ball 1-0: Ball 2-0: Ball 3-0: Called Strike 3-1: Reached on error, E9 (Flyball, 89M, EV 87.5 MPH)
|
|
Batting: RHB Austin Doig
|
0-0: Ball Wild Pitch! Curtis Montgomery to second 1-0: Called Strike 1-1: Ball 2-1: Foul Ball, location: 2F 2-2: Fly out, F9 (Flyball, 9LD, EV 98.1 MPH) Runner from 2nd tags up, SAFE at 3rd, no throw by RF
|
|
Batting: RHB Frank Pena
|
0-0: Swinging Strike 0-1: Ground out 6-3 (Groundball, 6, EV 80.0 MPH) Curtis Montgomery scores
|
|
Batting: LHB Jose Simental
|
0-0: Ball 1-0: Foul Ball, location: 2F 1-1: Ground out 5-3 (Groundball, 5S, EV 86.2 MPH)
|
| Top of the 3rd over - 1 run, 0 hits, 1 error, 0 left on base; Helena 4 - Chicago (APP) 0 |
| BOTTOM OF THE 3RD |
|
Chicago (APP) Cubs batting - Pitching for Helena Brewers : RHP Jayden Whittick
|
|
Batting: LHB Wilhelm Myers
|
0-0: Swinging Strike 0-1: Ground out 4-3 (Groundball, 4, EV 100.0 MPH)
|
|
Batting: LHB Eddie Panagos
|
0-0: Ball 1-0: Ball 2-0: Swinging Strike 2-1: Ball 3-1: Swinging Strike 3-2: Foul Ball, location: 2F 3-2: Strikes out swinging
|
|
Batting: SHB Jim Lloyd
|
0-0: Ball 1-0: Swinging Strike 1-1: Foul Ball, location: 2F 1-2: Ball 2-2: Strikes out swinging
|
| Bottom of the 3rd over - 0 runs, 0 hits, 0 errors, 0 left on base; Helena 4 - Chicago (APP) 0 |
| TOP OF THE 4TH |
|
Helena Brewers batting - Pitching for Chicago (APP) Cubs : RHP Luis Solis
|
|
Batting: LHB Alex Chairez
|
0-0: Swinging Strike 0-1: Foul Ball, location: 2F 0-2: Ground out 5-3 (Groundball, 5L, EV 96.9 MPH)
|
|
Pitching: RHP Joshua Vincent
|
|
|
Batting: RHB Fernando Mejia
|
0-0: Ball 1-0: SOLO HOME RUN (Flyball, 78XD, EV 110.6 MPH), Distance : 436 ft
|
|
Batting: RHB Mohammed bin Ubaida
|
0-0: Ball 1-0: Called Strike 1-1: Called Strike 1-2: Strikes out swinging
|
|
Batting: LHB Andy Buschlen
|
0-0: Ball 1-0: Called Strike 1-1: Called Strike 1-2: Ball 2-2: Ground out 4-3 (Groundball, 4D, EV 89.4 MPH)
|
| Top of the 4th over - 1 run, 1 hit, 0 errors, 0 left on base; Helena 5 - Chicago (APP) 0 |
| BOTTOM OF THE 4TH |
|
Chicago (APP) Cubs batting - Pitching for Helena Brewers : RHP Jayden Whittick
|
|
Batting: RHB Lencho Otieno
|
0-0: Ball 1-0: Called Strike 1-1: Ball 2-1: Ball 3-1: Swinging Strike 3-2: Fly out, F7 (Flyball, 7S, EV 93.1 MPH)
|
|
Batting: RHB Andy Baumhardt
|
0-0: Ball 1-0: Ball 2-0: Ball 3-0: Called Strike 3-1: DOUBLE (Line Drive, 89D, EV 91.9 MPH)
|
|
Batting: LHB Jose Mafano
|
0-0: Ball 1-0: SINGLE (Groundball, 4MD, EV 106.2 MPH) Andy Baumhardt to third Runner from 3rd tries for Home, SAFE, throw by CF to home
|
|
Batting: RHB Andy Villarreal
|
0-0: Ball 1-0: Foul Ball, location: 2F 1-1: Called Strike Jose Mafano steals 2nd base 1-2: Foul Ball, location: 2F 1-2: Foul Ball, location: 2F 1-2: Strikes out swinging
|
|
Batting: RHB Jorge Gonzalez
|
0-0: Ball Wild Pitch! Jose Mafano to third 1-0: Ball 2-0: Ball 3-0: Base on Balls
|
|
Batting: SHB Rob Craft
|
0-0: Foul Ball, location: 2F 0-1: Ground out 4-3 (Groundball, 34, EV 91.9 MPH)
|
| Bottom of the 4th over - 1 run, 2 hits, 0 errors, 2 left on base; Helena 5 - Chicago (APP) 1 |
| TOP OF THE 5TH |
|
Helena Brewers batting - Pitching for Chicago (APP) Cubs : RHP Joshua Vincent
|
|
Batting: RHB Manny Olave
|
0-0: Swinging Strike 0-1: Foul Ball, location: 2F 0-2: Strikes out looking
|
|
Batting: RHB Curtis Montgomery
|
0-0: Ball 1-0: Foul Ball, location: 2F 1-1: Called Strike 1-2: Ball 2-2: Ball 3-2: DOUBLE (Groundball, 5L, EV 103.8 MPH)
|
|
Batting: RHB Austin Doig
|
0-0: Ball 1-0: Ball 2-0: Ball Wild Pitch! Curtis Montgomery to third 3-0: Swinging Strike Passed Ball! Curtis Montgomery scores 3-1: Called Strike 3-2: Base on Balls
|
|
Batting: RHB Frank Pena
|
0-0: Ball Austin Doig steals 2nd, throwing error, E2 Austin Doig to third 1-0: Ground out 5-3 (Groundball, 56S, EV 93.8 MPH) Austin Doig scores
|
|
Batting: LHB Jose Simental
|
0-0: Called Strike 0-1: Ground out 4-3 (Groundball, 4, EV 106.9 MPH)
|
| Top of the 5th over - 2 runs, 1 hit, 1 error, 0 left on base; Helena 7 - Chicago (APP) 1 |
| BOTTOM OF THE 5TH |
|
Chicago (APP) Cubs batting - Pitching for Helena Brewers : RHP Jayden Whittick
|
|
Batting: LHB Wilhelm Myers
|
0-0: Called Strike 0-1: Called Strike 0-2: Ground out 1-3 (Groundball, 34S, EV 64.4 MPH)
|
|
Batting: LHB Eddie Panagos
|
0-0: Foul Ball, location: 2F 0-1: Ball 1-1: Fly out, F8 (Flyball, 78M, EV 94.4 MPH)
|
|
Batting: SHB Jim Lloyd
|
0-0: Swinging Strike 0-1: Called Strike 0-2: Strikes out swinging
|
| Bottom of the 5th over - 0 runs, 0 hits, 0 errors, 0 left on base; Helena 7 - Chicago (APP) 1 |
| TOP OF THE 6TH |
|
Helena Brewers batting - Pitching for Chicago (APP) Cubs : RHP Joshua Vincent
|
|
Batting: LHB Alex Chairez
|
0-0: Fly out, F8 (Line Drive, 8RD, EV 87.5 MPH)
|
|
Batting: RHB Fernando Mejia
|
0-0: Ball 1-0: Ball 2-0: Ball 3-0: Base on Balls
|
|
Batting: RHB Mohammed bin Ubaida
|
0-0: Called Strike 0-1: Ball 1-1: Fly out, F7 (Flyball, 7, EV 75.0 MPH)
|
|
Batting: LHB Andy Buschlen
|
0-0: Ball Passed Ball! Fernando Mejia to second 1-0: SINGLE (Groundball, 6MD, EV 106.9 MPH) Fernando Mejia to third Runner from 3rd tries for Home, SAFE, throw by CF to home
|
|
Batting: RHB Manny Olave
|
0-0: SINGLE (Flyball, 8LS, EV 83.1 MPH) Andy Buschlen to second Throwing error, E8 Andy Buschlen scores Manny Olave to second
|
|
Pitching: RHP Mike Reusch
|
|
|
Batting: RHB Curtis Montgomery
|
0-0: Ball 1-0: Called Strike 1-1: Fly out, F7 (Line Drive, 78S, EV 105.6 MPH)
|
| Top of the 6th over - 2 runs, 2 hits, 1 error, 1 left on base; Helena 9 - Chicago (APP) 1 |
| BOTTOM OF THE 6TH |
|
Chicago (APP) Cubs batting - Pitching for Helena Brewers : RHP Jayden Whittick
|
|
Batting: RHB Lencho Otieno
|
0-0: Called Strike 0-1: Foul Ball, location: 2F 0-2: Strikes out swinging
|
|
Batting: RHB Andy Baumhardt
|
0-0: Ground out 6-3 (Groundball, 6, EV 81.9 MPH)
|
|
Batting: LHB Jose Mafano
|
0-0: Foul Ball, location: 2F 0-1: SINGLE (Line Drive, 4D, EV 98.1 MPH)
|
|
Batting: RHB Andy Villarreal
|
0-0: Called Strike 0-1: Ball Jose Mafano steals 2nd base 1-1: Ball 2-1: Ball 3-1: Called Strike 3-2: Ground out 5-3 (Groundball, 15, EV 81.2 MPH)
|
| Bottom of the 6th over - 0 runs, 1 hit, 0 errors, 1 left on base; Helena 9 - Chicago (APP) 1 |
| TOP OF THE 7TH |
|
Helena Brewers batting - Pitching for Chicago (APP) Cubs : RHP Mike Reusch
|
|
Pinch Hitting: LHB Danny Bautista
|
0-0: Foul Ball, location: 2F 0-1: Ball 1-1: Ball 2-1: Ground out 4-3 (Groundball, 4, EV 86.2 MPH)
|
|
Batting: RHB Frank Pena
|
0-0: Swinging Strike 0-1: Foul Ball, location: 2F 0-2: Ball 1-2: Foul Ball, location: 2F 1-2: Ball 2-2: Ball 3-2: Base on Balls
|
|
Batting: LHB Jose Simental
|
0-0: Foul Ball, location: 2F 0-1: Called Strike 0-2: Strikes out swinging
|
|
Batting: LHB Alex Chairez
|
0-0: Called Strike 0-1: Ball 1-1: Foul Ball, location: 2F 1-2: 2-RUN HOME RUN (Flyball, 9D, EV 96.9 MPH), Distance : 379 ft
|
|
Pitching: RHP Man-keung Li
|
|
|
Batting: RHB Fernando Mejia
|
0-0: Ball 1-0: Ball 2-0: Ball 3-0: Called Strike 3-1: Base on Balls
|
|
Pinch Hitting: RHB Jesus Menjivar
|
0-0: Ball 1-0: 2-RUN HOME RUN (Flyball, 7LD, EV 99.4 MPH), Distance : 375 ft
|
|
Batting: LHB Andy Buschlen
|
0-0: Ball 1-0: Called Strike 1-1: Foul Ball, location: 2F 1-2: Ball 2-2: Ball 3-2: Foul Ball, location: 2F 3-2: Base on Balls
|
|
Batting: RHB Manny Olave
|
0-0: Ball Passed Ball! Andy Buschlen to second 1-0: Ball Passed Ball! Andy Buschlen to third 2-0: Ball 3-0: Base on Balls
|
|
Pitching: RHP Robbie Schoen
|
|
|
Batting: RHB Curtis Montgomery
|
0-0: Ball 1-0: Called Strike 1-1: Ball 2-1: Swinging Strike 2-2: Foul Ball, location: 2F 2-2: Ball 3-2: Base on Balls Manny Olave to second
|
|
Batting: LHB Danny Bautista
|
0-0: Ball 1-0: Ball 2-0: Ball 3-0: Base on Balls Andy Buschlen scores Manny Olave to third Curtis Montgomery to second
|
|
Batting: RHB Frank Pena
|
0-0: Ball 1-0: Foul Ball, location: 2F 1-1: Called Strike 1-2: Foul Ball, location: 2F 1-2: Foul Ball, location: 2F 1-2: Foul Ball, location: 2F 1-2: Ball 2-2: Ball 3-2: Foul Ball, location: 2F 3-2: Ground out 6-3 (Groundball, 6, EV 87.5 MPH)
|
| Top of the 7th over - 5 runs, 2 hits, 0 errors, 3 left on base; Helena 14 - Chicago (APP) 1 |
| BOTTOM OF THE 7TH |
|
Chicago (APP) Cubs batting - Pitching for Helena Brewers : RHP Jayden Whittick
|
|
Now at 2B: Jesus Menjivar
|
|
|
Now at 3B: Fernando Mejia
|
|
|
Now in LF: Danny Bautista
|
|
|
Batting: RHB Jorge Gonzalez
|
0-0: Called Strike 0-1: Swinging Strike 0-2: Ball 1-2: Foul Ball, location: 2F 1-2: Ball 2-2: Strikes out swinging
|
|
Batting: SHB Rob Craft
|
0-0: Ground out 4-3 (Groundball, 34D, EV 102.5 MPH)
|
|
Batting: LHB Wilhelm Myers
|
0-0: Ball 1-0: Ball 2-0: Ground out U3 (Groundball, 34S, EV 83.1 MPH)
|
| Bottom of the 7th over - 0 runs, 0 hits, 0 errors, 0 left on base; Helena 14 - Chicago (APP) 1 |
| TOP OF THE 8TH |
|
Helena Brewers batting - Pitching for Chicago (APP) Cubs : RHP Robbie Schoen
|
|
Pitching: RHP Bobby Almonte
|
|
|
Batting: LHB Jose Simental
|
0-0: SINGLE (Line Drive, 6M, EV 100.0 MPH)
|
|
Batting: LHB Alex Chairez
|
0-0: Ball Passed Ball! Jose Simental to second 1-0: Foul Ball, location: 2F 1-1: Ball 2-1: Ball 3-1: Foul Ball, location: 2F 3-2: Base on Balls
|
|
Batting: RHB Fernando Mejia
|
0-0: 3-RUN HOME RUN (Flyball, 7LD, EV 96.2 MPH), Distance : 373 ft
|
|
Batting: RHB Jesus Menjivar
|
0-0: Called Strike 0-1: Called Strike 0-2: Strikes out swinging
|
|
Batting: LHB Andy Buschlen
|
0-0: Foul Ball, location: 2F 0-1: Ball 1-1: Called Strike 1-2: Ball 2-2: Ball 3-2: SOLO HOME RUN (Flyball, 89XD, EV 110.6 MPH), Distance : 449 ft
|
|
Batting: RHB Manny Olave
|
0-0: Ball 1-0: Ball 2-0: Ground out 6-3 (Groundball, 6, EV 108.8 MPH)
|
|
Pitching: RHP Masato Iwase
|
|
|
Batting: RHB Curtis Montgomery
|
0-0: Ball 1-0: Foul Ball, location: 2F 1-1: Swinging Strike 1-2: Strikes out swinging
|
| Top of the 8th over - 4 runs, 3 hits, 0 errors, 0 left on base; Helena 18 - Chicago (APP) 1 |
| BOTTOM OF THE 8TH |
|
Chicago (APP) Cubs batting - Pitching for Helena Brewers : RHP Jayden Whittick
|
|
Batting: LHB Eddie Panagos
|
0-0: Called Strike 0-1: Ball 1-1: DOUBLE (Groundball, 3L, EV 95.6 MPH)
|
|
Batting: SHB Jim Lloyd
|
0-0: Swinging Strike 0-1: Called Strike 0-2: Strikes out swinging
|
|
Batting: RHB Lencho Otieno
|
0-0: Ball 1-0: Fly out, F8 (Flyball, 8RD, EV 106.9 MPH)
|
|
Batting: RHB Andy Baumhardt
|
0-0: Ball 1-0: Called Strike 1-1: Foul Ball, location: 2F 1-2: Ground out 5-3 (Groundball, 56, EV 102.5 MPH)
|
| Bottom of the 8th over - 0 runs, 1 hit, 0 errors, 1 left on base; Helena 18 - Chicago (APP) 1 |
| TOP OF THE 9TH |
|
Helena Brewers batting - Pitching for Chicago (APP) Cubs : RHP Masato Iwase
|
|
Batting: LHB Danny Bautista
|
0-0: Ball 1-0: Foul Ball, location: 2F 1-1: SOLO HOME RUN (Flyball, 78XD, EV 108.8 MPH), Distance : 431 ft
|
|
Batting: RHB Frank Pena
|
0-0: Ball 1-0: Ball 2-0: Ball 3-0: Base on Balls
|
|
Batting: LHB Jose Simental
|
0-0: Ball 1-0: Swinging Strike 1-1: Called Strike 1-2: Fielders Choice at 2nd, 3-6 (Groundball, 3, EV 108.1 MPH)
|
|
Batting: LHB Alex Chairez
|
0-0: Called Strike 0-1: Fly out, F9 (Line Drive, 9S, EV 104.4 MPH)
|
|
Batting: RHB Fernando Mejia
|
0-0: Called Strike 0-1: Ball 1-1: Foul Ball, location: 2F 1-2: Ball 2-2: Ball 3-2: Base on Balls Jose Simental to second
|
|
Batting: RHB Jesus Menjivar
|
0-0: Ball 1-0: Called Strike 1-1: Ground out 4-3 (Groundball, 34, EV 103.1 MPH)
|
| Top of the 9th over - 1 run, 1 hit, 0 errors, 2 left on base; Helena 19 - Chicago (APP) 1 |
| BOTTOM OF THE 9TH |
|
Chicago (APP) Cubs batting - Pitching for Helena Brewers : RHP Jayden Whittick
|
|
Pitching: RHP Ryan Powers
|
|
|
Batting: LHB Jose Mafano
|
0-0: Ball 1-0: Foul Ball, location: 2F 1-1: Foul Ball, location: 2F 1-2: Foul Ball, location: 2F 1-2: Strikes out swinging
|
|
Batting: RHB Andy Villarreal
|
0-0: Foul Ball, location: 2F 0-1: Foul Ball, location: 2F 0-2: Strikes out swinging
|
|
Batting: RHB Jorge Gonzalez
|
0-0: Ball 1-0: Called Strike 1-1: Swinging Strike 1-2: Ball 2-2: Ball 3-2: Strikes out swinging
|
| Bottom of the 9th over - 0 runs, 0 hits, 0 errors, 0 left on base; Helena 19 - Chicago (APP) 1 |
|